 Dungeon Crawl Stone Soup version 0.32-a0-913-g739538afd8 (webtiles) character file.

Game seed: 1782082153215446722

113490 Turgor the Bludgeoner (level 16, -2/310 HPs)
             Began as a Mountain Dwarf Fighter on Apr 8, 2024.
             Was an Initiate of Gozag.
             Succumbed to a wolf spider's poison
             ... on level 1 of the Spider Nest.
             The game lasted 02:02:30 (25926 turns).

Turgor the Bludgeoner (Mountain Dwarf Fighter)     Turns: 25926, Time: 02:02:31

Health: -2/310     AC: 28    Str: 21    XL:     16   Next: 14%
Magic:  28/28      EV:  2    Int: 15    God:    Gozag
Gold:   3965       SH:  7    Dex:  9    Spells: 20/31 levels left

rFire   + . .        s - +5 morningstar (heavy)
rCold   . . .        x - +2 buckler {rN+}
rNeg    + . .        b - melded +5 ring mail of a Gauntlet {rC+ rN+}
rPois   +            B - melded +0 helmet
rElec   .            m - melded +1 cloak {rPois}
rCorr   .            j - melded +0 pair of gloves
SInv    .            K - melded +0 pair of boots
Will    +....        q - amulet of regeneration Stlth
                     r - +5 ring of evasion
HPRegen 1.51/turn    I - ring of protection from fire
MPRegen 0.21/turn

%: no passive effects
@: berserking, lethally poisoned (-2 -> -13), tree-form, gold aura, hasted, very
quick
A: stationary, stasis, torment immunity, boosted hp, runic magic, artefact
enchanting
a: Renounce Religion, Potion Petition, Call Merchant, Bribe Branch


You were on level 1 of the Spider Nest.
You worshipped Gozag.
Gozag was most pleased with you.
You were a tree.
You visited 4 branches of the dungeon, and saw 23 of its levels.
You also visited: Bailey.

You collected 8053 gold pieces.
You spent 1237 gold pieces at shops.
You paid 2851 gold pieces to Gozag.

Inventory:

Hand Weapons
 p - a +1 morningstar of freezing
 s - a +5 heavy morningstar (weapon)
 O - the +10 dark maul {heavy}
   (You bought it in a shop on level 12 of the Dungeon)
Missiles
 d - 2 curare-tipped darts
 g - a throwing net (quivered)
 i - 2 javelins
 y - 32 poisoned darts
Armour
 b - the +5 ring mail of a Gauntlet (melded) {rC+ rN+}
   (You bought it in a shop on level 2 of the Orcish Mines)

   rC+:       It protects you from cold.
   rN+:       It protects you from negative energy.
 j - a +0 pair of gloves (melded)
 m - a +1 cloak of poison resistance (melded)
 x - a +2 buckler of positive energy (worn)
 B - a +0 helmet (melded)
 C - +0 gold dragon scales
 G - a +3 chain mail of cold resistance
 K - a +0 pair of boots (melded)
Jewellery
 n - a ring of protection from cold
 q - an amulet of regeneration (around neck)
 r - a +5 ring of evasion (left branch)
 v - the ring of the Eye-covered God {rPois rC+}
   (You found it on level 13 of the Dungeon)

   [ring of poison resistance]

   rC+:       It protects you from cold.
   rPois:     It protects you from poison.
 I - a ring of protection from fire (right branch)
 N - a +6 ring of intelligence
 T - a +6 ring of dexterity
 U - a +4 ring of slaying
 W - a +4 ring of protection
Wands
 f - a wand of digging (10)
 k - a wand of flame (24)
Scrolls
 a - 3 scrolls of fog
 e - a scroll of blinking
 l - 8 scrolls of vulnerability
 o - 4 scrolls of teleportation
 z - a scroll of fear
 D - 6 scrolls of immolation
 E - 6 scrolls of silence
 H - a scroll of enchant weapon
 M - 3 scrolls of amnesia
 S - 9 scrolls of identify
 Y - 4 scrolls of revelation
Potions
 h - 7 potions of enlightenment
 t - 2 potions of might
 u - 5 potions of resistance
 w - a potion of brilliance
 A - 6 potions of magic
 F - 2 potions of mutation
 P - 4 potions of curing
 X - a potion of invisibility
Miscellaneous
 Q - a tin of tremorstones (1/2)


   Skills:
 + Level 11.6 Fighting
 + Level 19.3 Maces & Flails
 + Level 11.5 Armour
 - Level 9.3 Shields
 + Level 8.3 Spellcasting
 * Level 11.5 Translocations
 - Level 10.0 Evocations


You had 20 spell levels left.
You knew the following spells:

 Your Spells              Type           Power      Damage    Failure   Level
a - Apportation           Tloc           80%        N/A       1%          1
c - Maxwell's Portable P  Tloc           40%        2d(9-25)  1%          3
m - Manifold Assault      Tloc           20%        N/A       69%         7

Your spell library contained the following spells:

 Spells                   Type           Power      Damage    Failure   Level
 Freeze                   Ice            24%        1d4       14%         1
 Necrotise                Necr           24%        1d5       14%         1
 Sting                    Conj/Alch      24%        1d4       14%         1
 Summon Small Mammal      Summ           24%        N/A       14%         1
 Sublimation of Blood     Necr           6%         N/A       21%         2
 Dazzling Flash           Conj/Hex       12%        N/A       38%         3
 Frozen Ramparts          Ice            12%        1d2       38%         3
 Fugue of the Fallen      Necr           6%         N/A       38%         3
 Hailstorm                Conj/Ice       6%         3d5       38%         3
 Mephitic Cloud           Conj/Alch/Air  6%         N/A       38%         3
 Ozocubu's Armour         Ice            6%         N/A       38%         3
 Vampiric Draining        Necr           6%         2d6       38%         3
 Martyr's Knell           Necr/Summ      6%         N/A       80%         4
 Petrify                  Alch/Erth      6%         N/A       80%         4
 Summon Blazeheart Golem  Fire/Summ      6%         N/A       80%         4
 Arcjolt                  Conj/Air       3%         1d13      98%         5
 Curse of Agony           Necr           6%         N/A       98%         5
 Irradiate                Conj/Alch      3%         3d12      98%         5
 Iskenderun's Battlesphe  Conj           6%         2d6       98%         5
 Silence                  Hex/Air        3%         N/A       98%         5
 Bombard                  Conj/Erth      3%         9d1       100%        6
 Conjure Ball Lightning   Conj/Air       3%         3x3d6     100%        6
 Orb of Destruction       Conj           3%         9d5       100%        7
 Spellforged Servitor     Conj/Summ      3%         N/A       100%        7
 Discord                  Hex            3%         N/A       100%        8
 Disjunction              Tloc           20%        N/A       100%        8
 Maxwell's Capacitive Co  Air            3%         ∞         100%        8


Dungeon Overview and Level Annotations

Branches:
Dungeon (15/15)            Temple (0/1) D:5            Lair (5/5) D:11
  Swamp (0/4) Lair:2       Spider (1/4) Lair:2        Slime (0/5) Lair:5
    Orc (2/2) D:12            Elf (0/3) Orc:2        Vaults (0/5) D:14
 Depths (0/4) D:15         Bailey (visited)

Altars:
Gozag
Wu Jian
Xom
Beogh
Jiyva

Shops:
D:5 =   D:10 :   D:11 :   D:12 (   Orc:2 [(((

Portals:
Trove: D:14 (give 11 potions of heal wounds)

Annotations:
D:6 1 runed translucent door, Crazy Yiuf


Innate Abilities, Weirdness & Mutations

You are a tree.
Your roots penetrate the ground, keeping you stationary.
You cannot be teleported.
You are immune to unholy pain and torment.
Your maximum health is greatly increased.
Your equipment is partially melded.
Your spellcasting is much less encumbered by armour.
You can use scrolls of enchantment on lesser artefacts.


Message History

The wolf spider's many legs skitter.
You puncture the wolf spider!
You kill the wolf spider!
You feel extremely sick.
The redback is no longer distracted by gold.
The demonic crawler hits you but does no damage.
You block the demonic crawler's attack.
The demonic crawler hits you but does no damage.
The jumping spider leaps!
The jumping spider pounces on you but does no damage.
The jumping spider bites you but does no damage.
The jumping spider leaps!
You perforate the wolf spider like a sieve!!!
You kill the wolf spider!
You feel very sick.
You hear a faint skittering sound.
You hear a skittering sound.
You hear a faint skittering sound.
You hear a skittering sound.
You hear an angry buzzing noise.
You hear a skittering sound.
You hear a faint skittering sound.
You hear a chilling moan.
You hear a faint skittering sound.
A tarantella comes into view.
The demonic crawler hits you.
* * * LOW HITPOINT WARNING * * *
You block the demonic crawler's attack.
The demonic crawler hits you but does no damage.
The wolf spider hits you.
* * * LOW HITPOINT WARNING * * *
The wolf spider bites you!
* * * LOW HITPOINT WARNING * * *
The jumping spider leaps!
A redback comes into view.
The jumping spider leaps!
The demonic crawler hits you.
* * * LOW HITPOINT WARNING * * *
The demonic crawler hits you but does no damage. x2
The pharaoh ant is distracted by your dazzling golden aura.
The pharaoh ant gives a chilling moan.
Unknown command.
You barely miss the demonic crawler.
You die...
Your body crumbles into a pile of gold.

. ## s .. ..
s. .>. #. (#s
.s.. #s ((..
#... ≈#sB.
...#!.##ss#
#....○♣s○#
#....s$s°.....
#.....##....°.
#..... ###.#.
....... .#
..#.... # .
....# #...^


You could see a demonic crawler, 2 wolf spiders, a culicivora, a pharaoh ant, 3
jumping spiders, a tarantella and 3 redbacks.

Vanquished Creatures
  Rupert (Spider:1)
  Agnes (D:15)
  A frost giant (D:15)
  An orc warlord (Orc:2)
  A broodmother (Spider:1)
  Snorg (D:10)
  An entropy weaver (shapeshifter) (D:13)
  Josephine (D:10)
  A fire dragon (Lair:5)
  7 vault guards (D:14)
  2 rakshasas
  2 hydras (Lair:5)
  5 two-headed ogres
  An alligator (Lair:2)
  6 centaur warriors
  2 catoblepae
  4 tengu warriors
  4 death yaks
  3 boulder beetles
  Nergalle (D:10)
  3 orc high priests (Orc:2)
  Sonja (Lair:3)
  7 skeletal warriors
  A swamp dragon (Lair:5)
  3 lindwurms (Lair:5)
  4 orc knights
  4 wolf spiders
  4 deep elf pyromancers
  An oklob plant (Lair:5)
  8 cyclopes
  An orc sorcerer (Orc:1)
  31 ugly things
  3 manticores
  Maurice (D:10)
  A meliai (D:13)
  8 elephants
  5 black mambas
  Joseph (D:10)
  A cane toad (shapeshifter) (D:15)
  4 kobold blastminers (Orc:2)
  10 rime drakes
  9 cane toads
  2 kobold demonologists (D:11)
  3 torpor snails
  A gargoyle (D:12)
  A freezing wraith (D:15)
  11 komodo dragons
  2 tengu conjurers
  An efreet (D:13)
  Jeremiah (D:8)
  2 yaktaurs
  2 guardian mummies (D:14)
  5 trolls
  A polar bear (Lair:3)
  22 blink frogs
  2 hornets (Lair:5)
  A jumping spider (Lair:2)
  9 dream sheep (Lair:5)
  8 slime creatures
  2 shadows
  2 vampires
  7 wraiths
  5 wyverns
  54 yaks
  5 basilisks
  4 steam dragons
  A redback (Lair:2)
  9 vampire mosquitoes
  10 wargs
  A naga (shapeshifter) (D:14)
  6 acid dragons
  An acid dragon (shapeshifter) (D:10)
  20 water moccasins
  A swamp drake (Lair:5)
  35 orc warriors
  A black bear (D:8)
  2 ice beasts
  12 ogres
  5 boggarts (D:15)
  7 centaurs
  A phantom (D:5)
  4 kobold brigands
  16 bullfrogs
  3 gnoll sergeants
  2 scorpions
  4 killer bees
  8 howler monkeys
  4 electric eels
  A bombardier beetle (D:7)
  2 hounds
  3 jellies
  10 orc priests
  3 gnoll boudas
  A sleepcap (D:4)
  21 orc wizards
  8 iguanas
  25 gnolls
  7 adders
  A white imp (D:7)
  3 ribbon worms
  94 orcs
  3 endoplasms
  10 goblins
  10 hobgoblins
  3 jackals (D:4)
  4 quokkas
  8 ball pythons
  4 bats
  2 frilled lizards (D:2)
  23 kobolds
  6 rats
715 creatures vanquished.

Vanquished Creatures (others)
  Erica (D:10)
  An orc knight (D:15)
  A gnoll bouda (D:10)
3 creatures vanquished.

Grand Total: 718 creatures vanquished

Notes
Turn   | Place    | Note
-------+----------+-------------------------------------------
     0 | D:1      | Turgor the Mountain Dwarf Fighter began the quest for the
                  | Orb.
     0 | D:1      | Reached XP level 1. HP: 19/19 MP: 1/1
   188 | D:1      | Reached skill level 3 in Maces & Flails
   324 | D:1      | Reached XP level 2. HP: 26/26 MP: 2/2
   925 | D:2      | Reached skill level 4 in Maces & Flails
  1331 | D:2      | Reached XP level 3. HP: 31/31 MP: 3/3
  2551 | D:4      | Noticed a scorpion
  2568 | D:4      | Reached skill level 5 in Maces & Flails
  2579 | D:4      | Reached XP level 4. HP: 38/38 MP: 4/4
  2641 | D:4      | Killed a scorpion
  2642 | D:4      | Reached skill level 6 in Maces & Flails
  2642 | D:4      | Reached XP level 5. HP: 30/45 MP: 5/5
  3001 | D:4      | Reached skill level 7 in Maces & Flails
  3208 | D:4      | Found an opulent altar of Gozag.
  3220 | D:4      | Became a worshipper of Gozag Ym Sagoz the Greedy
  3584 | D:5      | Entered Level 5 of the Dungeon
  3584 | D:5      | Noticed an ogre
  3640 | D:5      | Killed an ogre
  3641 | D:5      | Reached XP level 6. HP: 48/51 MP: 6/6
  3657 | D:5      | Reached skill level 8 in Maces & Flails
  3686 | D:5      | Found Libb's Jewellery Shoppe.
  3843 | D:5      | Reached skill level 9 in Maces & Flails
  3843 | D:5      | Reached XP level 7. HP: 36/57 MP: 7/7
  3962 | D:5      | Reached skill level 10 in Maces & Flails
  3979 | D:5      | Found a staircase to the Ecumenical Temple.
  4306 | D:5      | Found an ornate altar of the Wu Jian Council.
  4597 | D:6      | Reached skill level 11 in Maces & Flails
  4793 | D:6      | Found a runed translucent door.
  4794 | D:6      | Noticed Crazy Yiuf
  4822 | D:6      | Reached XP level 8. HP: 63/63 MP: 8/8
  5093 | D:6      | Identified the +1 flail "Zekufic" {flame, rCorr Int+2
                  | Stlth+}
  5239 | D:7      | Identified the +4 ring mail of Saffier {MP+9}
  5403 | D:7      | Reached skill level 12 in Maces & Flails
  5620 | D:7      | Reached skill level 13 in Maces & Flails
  5637 | D:7      | Identified the +2 flail of Lapaefi {flame, rElec rPois rC-}
  6010 | D:8      | Noticed a cyclops
  6018 | D:8      | Killed a cyclops
  6019 | D:8      | Reached skill level 14 in Maces & Flails
  6019 | D:8      | Reached XP level 9. HP: 43/70 MP: 9/9
  6492 | D:8      | Noticed Jeremiah
  6543 | D:8      | Killed Jeremiah
  6544 | D:8      | Reached skill level 15 in Maces & Flails
  6841 | D:8      | Reached skill level 16 in Maces & Flails
  7468 | D:9      | Noticed a two-headed ogre
  7484 | D:9      | Killed a two-headed ogre
  7485 | D:9      | Reached XP level 10. HP: 27/80 MP: 10/10
  7675 | D:9      | Reached skill level 5 in Fighting
  7675 | D:9      | Reached skill level 5 in Armour
  7675 | D:9      | Reached skill level 5 in Shields
  8177 | D:10     | Entered Level 10 of the Dungeon
  8320 | D:10     | Found Qyroqoko's Vocational Training.
  8322 | D:10     | Noticed Nergalle
  8462 | D:10     | Killed Nergalle
  8483 | D:10     | Found a flagged portal.
  8503 | Bailey   | Entered a bailey
  9032 | D:10     | Noticed Erica
  9042 | D:10     | Noticed Josephine
  9046 | D:10     | Killed Erica
  9062 | D:10     | Killed Josephine
  9080 | D:10     | Reached XP level 11. HP: 47/92 MP: 11/11
  9230 | D:10     | Noticed Joseph
  9230 | D:10     | Noticed Snorg
  9261 | D:10     | Killed Joseph
  9295 | D:10     | Killed Snorg
  9649 | D:10     | Noticed a two-headed ogre
  9658 | D:10     | Killed a two-headed ogre
  9676 | D:10     | Noticed a two-headed ogre
  9687 | D:10     | Noticed Maurice
  9691 | D:10     | Killed a two-headed ogre
  9703 | D:10     | Killed Maurice
  9715 | D:10     | Found a shimmering altar of Xom.
 10068 | D:11     | Found a staircase to the Lair.
 10435 | D:11     | Reached skill level 1 in Evocations
 10656 | D:11     | Found Cicugelo's Book Boutique.
 10691 | D:11     | Noticed a two-headed ogre
 10701 | D:11     | Killed a two-headed ogre
 10800 | D:11     | Reached XP level 12. HP: 94/106 MP: 12/12
 11360 | D:11     | Reached skill level 10 in Fighting
 11472 | D:12     | Found Divaop's Weapon Boutique.
 11491 | D:12     | Bought the +10 dark maul {heavy} for 1030 gold pieces
 11491 | D:12     | Found the +10 dark maul {heavy}
 11499 | D:12     | Learned a level 7 spell: Manifold Assault
 11503 | D:12     | Learned a level 3 spell: Maxwell's Portable Piledriver
 11548 | D:12     | Reached skill level 10 in Armour
 11641 | D:12     | Reached skill level 1 in Spellcasting
 11641 | D:12     | Reached skill level 1 in Translocations
 12029 | D:12     | You fall into a shaft and drop 3 floors!
 12029 | D:15     | Entered Level 15 of the Dungeon
 12063 | D:15     | Noticed a six-headed hydra
 12324 | D:12     | Reached skill level 5 in Evocations
 12370 | D:12     | Found a staircase to the Orcish Mines.
 12951 | Lair:1   | Entered Level 1 of the Lair of Beasts
 13188 | Lair:1   | Noticed a death yak
 13216 | Lair:1   | Killed a death yak
 13506 | Lair:1   | Learned a level 1 spell: Apportation
 13943 | Lair:2   | Noticed a catoblepas
 13968 | Lair:2   | Killed a catoblepas
 14100 | Lair:2   | Reached XP level 13. HP: 106/113 MP: 18/18
 14215 | Lair:2   | Found a hole to the Spider Nest.
 14568 | Lair:2   | Reached skill level 5 in Translocations
 14729 | Lair:2   | Found a staircase to the Swamp.
 14763 | Lair:2   | You fall into a shaft and drop 2 floors!
 14814 | Lair:4   | Reached skill level 17 in Maces & Flails
 15238 | Lair:3   | Identified the +1 robe "Bulul" {rPois rN++ MP-9}
 15459 | Lair:3   | Noticed Sonja
 15469 | Lair:3   | Killed Sonja
 15661 | Lair:3   | Identified the +1 leather armour of Darkness {Rampage
                  | Str+4}
 16211 | Lair:4   | Reached skill level 5 in Spellcasting
 16583 | Lair:5   | Entered Level 5 of the Lair of Beasts
 16725 | Lair:5   | Found a staircase to the Slime Pits.
 16725 | Lair:5   | Found a viscous altar of Jiyva.
 16949 | Lair:5   | Found the +7 Spriggan's Knife {stab, EV+4 Stlth+}
 17407 | Lair:5   | Reached XP level 14. HP: 118/121 MP: 22/22
 18095 | Lair:5   | Paralysed by a hornet for 2 turns
 18491 | Lair:5   | Reached skill level 18 in Maces & Flails
 19029 | Orc:1    | Entered Level 1 of the Orcish Mines
 19280 | Orc:2    | Entered Level 2 of the Orcish Mines
 19351 | Orc:2    | Found a staircase to the Elven Halls.
 19477 | Orc:2    | Found a roughly hewn altar of Beogh.
 19685 | Orc:2    | Found a roughly hewn altar of Beogh.
 19898 | Orc:2    | Found a roughly hewn altar of Beogh.
 19950 | Orc:2    | Found a roughly hewn altar of Beogh.
 19999 | Orc:2    | Found a roughly hewn altar of Beogh.
 20505 | Orc:2    | Noticed an orc warlord
 20542 | Orc:2    | Killed an orc warlord
 20615 | Orc:2    | Found Caobb's Antique Armour Shoppe.
 20616 | Orc:2    | Found a roughly hewn altar of Beogh.
 20628 | Orc:2    | Found Vanutod's Antique Weapon Emporium.
 20639 | Orc:2    | Bought a transparent ring mail for 207 gold pieces
 20639 | Orc:2    | Identified the +5 ring mail of a Gauntlet {rC+ rN+} (You
                  | bought it in a shop on level 2 of the Orcish Mines)
 20681 | Orc:2    | Found a roughly hewn altar of Beogh.
 20769 | Orc:2    | Found a roughly hewn altar of Beogh.
 20800 | Orc:2    | Found Sodoho's Antique Weapon Shoppe.
 20884 | Orc:2    | Found Isaew's Weapon Shop.
 21200 | D:13     | Reached skill level 10 in Evocations
 21411 | D:13     | Reached XP level 15. HP: 51/126 MP: 25/25
 22055 | D:13     | Reached skill level 10 in Translocations
 22130 | D:13     | Identified the ring of the Eye-covered God {rPois rC+}
 23822 | D:14     | Reached skill level 19 in Maces & Flails
 24086 | D:14     | Found a gate to the Vaults.
 24519 | D:14     | Found a portal to a secret trove of treasure.
 24686 | D:15     | Noticed Agnes
 25609 | D:15     | Killed Agnes
 25610 | D:15     | Reached XP level 16. HP: 101/138 MP: 28/28
 25727 | D:15     | Found a staircase to the Depths.
 25893 | Spider:1 | Entered Level 1 of the Spider Nest
 25893 | Spider:1 | Noticed Rupert
 25901 | Spider:1 | Paralysed by Rupert for 4 turns
 25919 | Spider:1 | Killed Rupert
 25925 | Spider:1 | HP: 12/310 [wolf spider (5)]
 25925 | Spider:1 | HP: 3/310 [wolf spider (9)]
 25925 | Spider:1 | HP: 1/310 [demonic crawler (2)]
 25926 | Spider:1 | Succumbed to a wolf spider's poison

Illustrated notes

Levels and vault maps discovered:
D:1:      doesnt_arrival_eight_statues, layout_loops_ring
D:2:      layout_basic
D:3:      layout_basic, minivault_4
D:4:      nicolae_cairo_tiling_large_dashed, layout_basic,
          amcnicky_altar_gilded, minmay_circle_x
D:5:      layout_basic, nicolae_wu_jian_wuxing_cycle,
          minmay_temple_entry_statues_pillars, serial_shops, shop,
          chequers_serial_rivers_micro_b
D:6:      layout_basic, uniq_crazy_yiuf_cottage
D:7:      layout_loops_ring, st_stairs_13
D:8:      layout_basic, minmay_fractal_squares_5, uniq_jeremiah
D:9:      layout_loops_cross
D:10:     layout_basic, xom_confusion_cloud, enter_bailey_4,
          serial_library_hellmonk_room_a, nicolae_shop_vocational,
          uniq_nergalle, uniq_josephine, uniq_snorg, uniq_erica, uniq_joseph,
          uniq_maurice
D:11:     layout_basic, minmay_lair_entry_grove, serial_shops,
          nicolae_shop_back_alley_shop
D:12:     layout_basic, kennysheep_orc_monster_closet_entryway, serial_shops,
          shop
D:13:     minmay_dotted_concentric_squares, layout_basic
D:14:     layout_layer_cave, erik_vaults_2, nicolae_trove_entry_path_of_doom
D:15:     grunt_enter_depths_snipers, layout_rooms, minmay_misc_feat_alley,
          minmay_mirror_moons_of_madness, uniq_agnes
Lair:1:   layout_roguey, lemuel_fruit_tree, grunt_megastairs_4
Lair:2:   layout_regular_city, mainiacjoe_swamp_entry_lozenge_pond,
          spider_nest_entry_rubble, infiniplex_staircase_pool
Lair:3:   layout_hall_layers, st_stairs_5, uniq_sonja
Lair:4:   layout_roguey, st_stairs_8, dreamdust_gnoll_shepherd,
          infiniplex_staircase_pool_2
Lair:5:   hangedman_lair_in_review, layout_gridlike, guppyfry_lair_end_dragon,
          slime_entry_1, st_stairs_13, pond, lemuel_fruit_fields
Spider:1: layout_spider_delve, portal_ice_cave_entry_pillars_four, drop_trap,
          guppyfry_spider_mini_3, uniq_rupert, uniq_azrael, uniq_aizul
Orc:1:    layout_diamond_mine, uniq_urug
Orc:2:    grunt_orc_community_town_hall, layout_caves,
          grunt_orc_community_big_house_1, grunt_orc_community_big_house_1,
          grunt_orc_community_house_1, grunt_orc_community_house_2,
          grunt_orc_community_house_1, grunt_orc_community_house_1,
          grunt_orc_community_house_1, grunt_orc_community_house_2

Skill      XL: |  1  2  3  4  5  6  7  8  9 10 11 12 13 14 15 |
---------------+----------------------------------------------+-----
Maces & Flails | 3 4 5 6 7 9 11 14 16 17 18 19 | 19.3
Armour         | 4 7 9 10 11 | 11.5
Shields        | 4 7 9 |  9.3
Fighting       | 4 7 9 10 11 | 11.6
Evocations     | 2 6 8 10 | 10.0
Spellcasting   | 3 5 7 8 |  8.3
Translocations | 4 7 9 11 | 11.5

Action                     |  1- 3 |  4- 6 |  7- 9 | 10-12 | 13-15 | 16-18 || total
---------------------------+-------+-------+-------+-------+-------+-------++-------
  Melee: Flail             |   131 |   125 |    52 |       |       |       ||   308
         Morningstar       |       |       |   264 |   941 |  2015 |    27 ||  3247
  Throw: Stone             |    12 |       |       |       |       |       ||    12
         Dart              |       |    10 |    16 |    55 |     8 |     3 ||    92
         Javelin           |       |       |    11 |     7 |       |     4 ||    22
         Throwing net      |       |       |     1 |       |       |     3 ||     4
   Cast: Maxwell's Portabl |       |       |       |       |     2 |       ||     2
 Invoke: Potion Petition   |       |       |       |       |     6 |     1 ||     7
  Evoke: Wand              |       |       |    13 |    20 |    11 |       ||    44
         Tin of tremorston |       |       |       |       |     2 |       ||     2
    Use: Scroll            |     4 |     1 |     4 |    13 |     7 |     2 ||    31
         Potion            |     1 |     1 |     1 |    27 |     9 |     1 ||    40
   Stab: Distracted        |       |       |     2 |     4 |     8 |       ||    14
         Invisible         |       |       |       |     2 |       |     2 ||     4
 Armour: Scale mail        |    81 |    66 |    32 |       |       |       ||   179
         Ring mail         |       |       |   112 |    30 |   448 |     7 ||   597
         Chain mail        |       |       |       |   427 |   680 |       ||  1107
         Skin              |       |       |       |   136 |     4 |   104 ||   244
  Dodge: Dodged            |    60 |    43 |   167 |   380 |   756 |    15 ||  1421
  Block: Buckler           |    18 |    20 |    39 |   169 |   403 |    27 ||   676

Table legend: (Time is in decaauts)
 A = Elapsed time spent in this place.
 B = Non-inter-level travel time spent in this place.
 C = Inter-level travel time spent in this place.
 D = Time resting spent in this place.
 E = Time spent auto-exploring this place.
 F = Levels seen in this place.
 G = Mean time per level.
                   A        B        C        D        E       F      G
               +--------+--------+--------+--------+--------+-----+--------+
         Total |  25225 |  23892 |   1333 |   1390 |  15077 |  24 | 1051.0 |
       Dungeon |  17193 |  16189 |   1004 |   1079 |  10482 |  15 | 1146.2 |
          Lair |   5855 |   5592 |    263 |    264 |   3705 |   5 | 1171.0 |
   Spider Nest |     34 |     34 |      0 |      0 |      0 |   1 |   34.0 |
  Orcish Mines |   1782 |   1716 |     66 |     44 |    890 |   2 |  891.0 |
        Bailey |    359 |    359 |      0 |      2 |      0 |   1 |  359.0 |
               +--------+--------+--------+--------+--------+-----+--------+

Top non-repeatable levels by time:
  Lair:5: 2143 daAuts
    D:14: 2130 daAuts
    D:13: 1557 daAuts
    D:12: 1529 daAuts
    D:10: 1435 daAuts
   Orc:2: 1423 daAuts
    D:11: 1355 daAuts
     D:8: 1337 daAuts
     D:4: 1119 daAuts
  Lair:2: 1066 daAuts
     D:5: 969 daAuts
  Lair:1: 965 daAuts
    D:15: 963 daAuts
     D:2: 922 daAuts
  Lair:4: 918 daAuts
